 Dungeon Crawl Stone Soup version bcrawl-1.35.5c (webtiles) character file.

Game seed: 13935662777275963723

7589619 Artagas the Severer (level 18, -7/149 HPs)
             Began as a Human Monk on Mar 18, 2022.
             Was the Champion of Kikubaaqudgha.
             Hit by a javelin thrown by a merfolk javelineer (16 damage)
             ... on level 3 of the Shoals on Mar 29, 2022.
             The game lasted 02:23:09 (37388 turns).

Artagas the Severer (Human Monk)                   Turns: 37388, Time: 02:23:10

Health: -7/149     AC: 17    Str: 28    XL:     18   Next: 58%
Magic:  0/30       EV: 18    Int: 16    God:    Kikubaaqudgha [******]
Gold:   511        SH:  7    Dex: 18    Spells: 2/33 levels left

rFire    + . .     SeeInvis +   a - +11 war axe "Urukoi" {venom, +Blink rPois Dex+3}
rCold    . . .     Gourm    .   p - +0 buckler
rNeg     . . .     Faith    .   D - +2 scale mail {rF+}
rPois    +         Spirit   +   Y - +0 mask of the Dragon {MR+ Slay+3 SInv}
rElec    +         Reflect  .   Q - +0 cloak
rCorr    .                      N - +0 pair of hand wraps "Fists of Thunder" {elec, rElec Slay+2}
MR       ++...                  S - +2 pair of boots {run}
Stlth    +.........             O - amulet of guardian spirit
HPRegen  0.34/turn              w - ring "Umysmapu" {Wiz rElec Str+7}
MPRegen  0.22/turn              k - +6 ring of strength

@: swift, flying, very slightly contaminated, hasted, very quick
A: no striking features
}: 1/15 runes: gossamer
a: Receive Corpses, Torment, Brand Weapon With Pain, Receive Necronomicon,
Renounce Religion, Evoke Blink


You were on level 3 of the Shoals.
You worshipped Kikubaaqudgha.
Kikubaaqudgha was exalted by your worship.
You were not hungry.

You visited 5 branches of the dungeon, and saw 25 of its levels.
You also visited: Sewer, Bailey and Gauntlet.

You collected 2882 gold pieces.
You spent 2371 gold pieces at shops.

Inventory:

Hand Weapons
 a - the +11 war axe "Urukoi" (weapon) {venom, +Blink rPois Dex+3}
   (You took it off a minotaur in a Gauntlet)

   It poisons the flesh of those it strikes.
   It affects your dexterity (+3).
   It protects you from poison.
   It lets you blink.
Missiles
 l - 867 javelins (quivered)
 K - 5 throwing nets {=f}
Armour
 p - a +0 buckler (worn)
   (You found it on level 1 of the Dungeon)
 D - a +2 scale mail of fire resistance (worn)
   (You bought it in a shop in the Orcish Mines)
 N - the +0 pair of hand wraps "Fists of Thunder" (worn) {elec, rElec Slay+2}
   (You found it in a Gauntlet)

   It affects your accuracy and damage with ranged weapons and melee attacks
   (+2).
   It insulates you from electricity.
 Q - a +0 cloak (worn)
   (You found it on level 6 of the Lair of Beasts)
 S - a +2 pair of boots of running (worn)
   (You bought it in a shop in the Orcish Mines)
 Y - the +0 mask of the Dragon (worn) {MR+ Slay+3 SInv}
   (You found it in a Gauntlet)

   It affects your accuracy and damage with ranged weapons and melee attacks
   (+3).
   It affects your resistance to hostile enchantments.
   It lets you see invisible.
Jewellery
 f - an uncursed ring of protection from fire
   (You took it off a kobold on level 3 of the Dungeon)
 k - a +6 ring of strength (right hand)
   (You found it on level 1 of the Dungeon)
 w - the ring "Umysmapu" (left hand) {Wiz rElec Str+7}
   (You bought it in a shop on level 2 of the Shoals)

   [ring of wizardry]

   It improves your spell success rate.
   It affects your strength (+7).
   It insulates you from electricity.
 x - an uncursed ring of protection from cold
   (You found it on level 1 of the Shoals)
 y - the ring of Wiuker {+Fly rPois}
   (You took it off an orc on level 8 of the Dungeon)

   [ring of flight]

   It protects you from poison.
   It lets you fly.
 O - an amulet of guardian spirit (around neck)
Wands
 g - a wand of paralysis (17)
   (You found it on level 9 of the Dungeon)
 n - a wand of enslavement (12)
   (You took it off a minotaur in a Gauntlet)
 o - a wand of clouds (3)
   (You found it on level 10 of the Dungeon)
 v - a wand of digging (2)
   (You took it off Arachne on level 3 of the Spider Nest)
 I - a wand of iceblast (26)
   (You found it on level 2 of the Lair of Beasts)
 J - a wand of scattershot (3)
   (You found it on level 1 of the Lair of Beasts)
 M - a wand of acid (1)
   (You found it on level 5 of the Dungeon)
 P - a wand of disintegration (74)
   (You took it off Edmund on level 4 of the Dungeon)
Scrolls
 i - 16 scrolls of remove curse
 j - a scroll of fog
 t - 6 scrolls of teleportation
 A - 6 scrolls of enchant armour
 F - 5 scrolls of summoning
 T - a scroll of torment
 U - 3 scrolls of immolation
 V - 4 scrolls of magic mapping
 W - a scroll of vulnerability
Potions
 d - 3 potions of might
 h - a potion of haste
 m - 6 potions of mutation
 q - 2 potions of curing
 r - 5 potions of lignification
 s - 5 potions of agility
 u - 5 potions of ambrosia
 B - 7 potions of brilliance
 E - a potion of magic
 G - 3 potions of berserk rage
 H - 2 potions of invisibility
 L - 12 potions of flight
 R - 4 potions of cancellation
Miscellaneous
 b - a sack of spiders (inert)
   (You found it on level 12 of the Dungeon)
 X - a phial of floods (inert)
   (You found it on level 6 of the Lair of Beasts)
 Z - a lamp of fire (inert)
   (You found it in a Gauntlet)
Comestibles
 c - 3 chunks of flesh
 e - 7 rations {!d}


   Skills:
 - Level 15.0 Fighting
 - Level 15.3(16.0) Axes
   Level 8.0(12.6) Maces & Flails
 - Level 11.0 Armour
 - Level 12.0 Dodging
 - Level 2.4 Stealth
 - Level 5.0 Shields
 - Level 8.0 Spellcasting
 + Level 5.7 Charms
 + Level 14.5 Necromancy
 + Level 4.3 Earth Magic
   Level 2.4 Invocations
 - Level 6.0 Evocations


You had 2 spell levels left.
You knew the following spells:

 Your Spells              Type           Power        Failure   Level  Hunger
a - Animate Dead          Necr           N/A          1%          4    ###....
b - Corpse Rot            Necr           N/A          1%          2    None
c - Bolt of Draining      Conj/Necr      ####......   22%         5    #####..
d - Borgnjor's Vile Clut  Necr/Erth      #####.....   43%         6    ######.
e - Regeneration          Chrm/Necr      #####.....   1%          3    None
f - Animate Skeleton      Necr           N/A          1%          1    None
g - Death Channel         Chrm/Necr      #####.....   34%         6    ######.
h - Agony                 Necr           ######..     1%          4    ###....

Your spell library contained the following spells:

 Spells                   Type           Power        Failure   Level  Hunger
 Infusion                 Chrm           ###.....     1%          1    None
 Pain                     Necr           ######       1%          1    None
 Song of Slaying          Chrm           ###.....     2%          2    None
 Swiftness                Chrm/Air       ###.....     8%          2    None
 Corona                   Hex            #......      16%         1    None
 Magic Dart               Conj           #...         16%         1    None
 Sting                    Conj/Pois      #...         16%         1    None
 Ensorcelled Hibernation  Hex/Ice        #.....       24%         2    None
 Poisonous Vapours        Pois/Air       #.....       24%         2    None
 Searing Ray              Conj           #.......     24%         2    None
 Shackle                  Hex            #.......     24%         2    None
 Dispel Undead            Necr           ######..     1%          5    #####..
 Ozocubu's Armour         Chrm/Ice       ###.....     16%         3    None
 Spectral Weapon          Hex/Chrm       ###.....     16%         3    None
 False Image              Hex/Summ       #.......     41%         3    None
 Ignite Poison            Fire/Tmut/Pois #.......     41%         3    None
 Inner Flame              Hex/Fire       N/A          41%         3    None
 Iskenderun's Mystic Bla  Conj           #.......     41%         3    None
 Recall                   Summ/Tloc      N/A          41%         3    None
 Simulacrum               Ice/Necr       ####......   73%         6    ######.
 Cause Fear               Hex            #.........   80%         4    ###....
 Fulminant Prism          Conj/Hex       #.........   80%         4    ###....
 Olgreb's Toxic Radiance  Pois           #........    80%         4    ###....
 Summon Scorpions         Summ/Pois      #.......     80%         4    ###....
 Yara's Violent Unravell  Hex/Tmut       #.........   80%         4    ###....
 Irradiate                Conj/Tmut      #.........   98%         5    #####..
 Metabolic Englaciation   Hex/Ice        #.........   98%         5    #####..
 Venom Bolt               Conj/Pois      #.........   98%         5    #####..
 Bolt of Cold             Conj/Ice       #.........   100%        6    ######.
 Darkness                 Hex            #.........   100%        6    ######.
 Freezing Cloud           Ice/Air        #.........   100%        6    ######.
 Infestation              Hex/Tmut/Pois  #........    100%        6    ######.
 Iron Shot                Conj/Erth      ##........   100%        6    ######.
 Ozocubu's Refrigeration  Ice            #.........   100%        6    ######.
 Poison Arrow             Conj/Pois      #.........   100%        6    ######.
 Orb of Destruction       Conj           #.........   100%        7    #######
 Shadow Creatures         Summ           N/A          100%        7    #######
 Spellforged Servitor     Conj/Summ      #.........   100%        7    #######
 Necromutation            Tmut/Necr      ####....     100%        8    #######
 Time Stop                Chrm/Tloc      N/A          100%        8    #######


Dungeon Overview and Level Annotations

Branches:
Dungeon (12/12)            Temple (0/1) D:5            Lair (6/6) D:8
 Shoals (3/3) Lair:3       Spider (3/3) Lair:4        Slime (0/5) Lair:6
    Orc (1/1) D:8             Elf (0/3) Orc          Vaults (0/3) D:12
 Depths (0/5) D:12

Altars:
Kikubaaqudgha
Vehumet
Beogh
Jiyva

Shops:
D:5 (   D:7 !   D:10 *[   Orc =([!   Shoals:2 =

Annotations:
D:5 1 runed door
D:9 1 runed translucent door, Wired's ghost, novice TrMo
Shoals:2 3 runed translucent doors, Lazarus1551's ghost, journeyman DrWn
Shoals:3 Donald
Spider:1 3 runed translucent doors, Sarzy's ghost, journeyman DrTm


Message History

Your snapping turtle zombie bites Donald!!
The merfolk javelineer throws a javelin.
The javelin hits you.
* * * LOW HITPOINT WARNING * * *
You feel very buoyant.
You fly up into the air.
Something hits your redback!! The water elemental hits your redback!
Your redback dies!
Your redback's corpse disappears in a puff of smoke!
Casting: Bolt of Draining (safe; 22% risk of failure)
Confirm with . or Enter, or press ? or * to list all spells.
Your skin crawls.
Donald says, "Sorry, didn't catch that.
You worship who?
How do you spell it?"
Donald says, "Those krakens don't even look real."
Donald says, "Can you spell it for me - slowly?"
Your skin is crawling a little less now.
Donald says, "Are sirens supposed to sound like that?
I can sing better than that!"
Donald casts a spell.
Donald seems to grow stronger.
Evoke which item? (* to show all) (? for menu, Esc to quit)
Aim the lamp in which direction?
Press: ? - help, Dir - move target cursor, f - Donald
Aim: Donald, wielding a +0 eveningstar of holy wrath, wearing a +0 chain mail and wearing a +0 medium shield (water, lightly wounded, fast, unusually strong)
The flames dance!
Donald is engulfed in blazing flames.
Evoke which item? (* to show all) (? for menu, Esc to quit)
Aiming: Paralyse
Press: ? - help, Shift-Dir - straight line, f/p - Donald
Aim: Donald, wielding a +0 eveningstar of holy wrath, wearing a +0 chain mail and wearing a +0 medium shield (water, lightly wounded, fast, unusually strong, chance to defeat MR: 6%)
Okay, then.
Evoke which item? (* to show all) (? for menu, Esc to quit)
Aim the phial where?
Press: ? - help, Shift-Dir - straight line, f/p - Donald
Aim: Donald, wielding a +0 eveningstar of holy wrath, wearing a +0 chain mail and wearing a +0 medium shield (water, lightly wounded, fast, unusually strong) Donald blocks the torrent of water.
The wave splashes down.
Your skin stops crawling.
You hear a shout!
You hear an angry hiss.
You feel yourself speed up.
Donald hits you with a +0 eveningstar of holy wrath!!!
* * * LOW HITPOINT WARNING * * *
The water elemental is engulfed in blazing flames.
Blink to where?
Press: ? - help, Dir - move target cursor, p - Donald You are very lightly contaminated with residual magic.
As you read the scroll of blinking, it crumbles to dust.
Donald is engulfed in blazing flames.
The water elemental is engulfed in a cloud of scalding steam.
Evoke which item? (* to show all) (? for menu, Esc to quit)
Aiming: Disintegrate
Press: ? - help, Shift-Dir - straight line, f - water elemental
Aim: a water elemental (water, almost destroyed, magic immune)
Okay, then.
Evoke which item? (* to show all) (? for menu, Esc to quit)
Aiming: Cloud Cone
Press: ? - help, Dir - move target cursor, f - water elemental
Aim: a water elemental (water, almost destroyed)
You create a blast of poison gas!
Donald is engulfed in poison gas.
Donald is poisoned.
Throwing (i - inventory. (/) - cycle)
l - 868 javelins (quivered)
Press: ? - help, Shift-Dir - straight line, f/p - water elemental
Aim: a water elemental (poison gas, water, almost destroyed)
You throw a javelin. The javelin hits the water elemental!
You destroy the water elemental!
Kikubaaqudgha accepts your kill.
Donald is engulfed in poison gas.
Donald looks more poisoned.
Donald is engulfed in poison gas.
Donald looks more poisoned.
Donald says, "I like turtle soup.
I hate turtles."
You feel better.
Donald looks more poisoned.
The merfolk javelineer throws a javelin.
The javelin hits you!!
* * * LOW HITPOINT WARNING * * *
Donald is engulfed in poison gas.
Donald looks more poisoned.
Donald says, "How do you pronounce that?"
Blink to where?
Press: ? - help, Dir - move target cursor
As you read the scroll of blinking, it crumbles to dust.
You feel better.
A merfolk javelineer comes into view. It is wielding a +0 spear.
The merfolk javelineer throws a javelin.
The javelin hits you.
* * * LOW HITPOINT WARNING * * *
Okay, then.
You feel better.
As you read the scroll of fog, it crumbles to dust.
The scroll dissolves into smoke.
The merfolk javelineer throws a javelin.
The javelin misses you.
The merfolk javelineer throws a javelin.
The javelin hits you!!
* * * LOW HITPOINT WARNING * * *
As you read the scroll of fog, it crumbles to dust.
The scroll dissolves into smoke.
Okay, then.
Evoke which item? (* to show all) (? for menu, Esc to quit)
Okay, then.
The merfolk javelineer throws a javelin.
The javelin hits you!
You die...
Kikubaaqudgha rasps: "You have failed me!
Welcome... death!"

≈≈≈≈≈≈≈≈≈≈≈..≈.§.....÷.÷.E≈≈≈≈
≈≈≈≈≈≈≈≈≈≈≈.....$.(m))÷÷.≈≈≈≈≈
≈≈≈≈≈≈≈≈≈≈≈.§..§§§..P÷)(.cm≈≈≈
≈≈≈≈≈≈≈≈≈≈≈§§§§≈.§.....))m≈P≈≈
≈≈≈≈≈≈≈≈≈≈≈§§§§§§..§)...≈P≈≈≈≈
≈≈≈≈≈≈≈≈≈≈≈§§§§§§.§.##.≈≈.≈≈P≈
≈≈≈≈≈≈≈≈≈≈≈§§§§§§.§###<≈≈≈≈≈≈?
≈≈≈≈≈≈≈≈≈≈≈§§§§§§§§...≈≈≈≈≈##
≈≈≈≈≈≈≈≈≈≈§§§§@###...≈≈≈≈≈E≈
≈≈≈≈≈≈≈≈≈§§§§§# ..≈P.≈≈P≈
≈≈≈≈≈≈≈≈≈§≈...# E
≈≈≈≈≈≈≈≈§≈≈...#
≈≈≈≈≈≈≈≈≈≈≈≈..# ≈≈≈≈≈≈≈≈≈≈≈..P
≈≈≈≈≈≈≈≈≈≈≈≈.P ≈≈≈≈≈≈≈≈≈P≈≈≈P


You could see a merfolk javelineer.

Vanquished Creatures
  Gastronok (Lair:2)
  Arachne (Spider:3)
  2 orc warlords (Orc)
  5 ghost moths
  Aizul (Spider:2)
  4 emperor scorpions
  2 entropy weavers (Spider:2)
  A minotaur (Gauntlet)
  A spark wasp (Spider:1)
  A merfolk javelineer (Shoals:2)
  3 merfolk impalers
  An ettin (D:9)
  Urug (D:12)
  Josephine (Lair:6)
  An ogre mage (D:12)
  2 centaur warriors (D:11)
  4 hydras
  An alligator snapping turtle (Shoals:2)
  2 catoblepae
  2 death yaks (Lair:5)
  6 two-headed ogres
  3 sea snakes
  3 orc high priests (Orc)
  2 unseen horrors (D:12)
  A swamp dragon (shapeshifter) (D:12)
  6 orc knights
  6 harpies
  A wolf spider zombie (D:12)
  5 orb spiders
  23 wolf spiders
  2 cyclopes (D:11)
  4 manticores
  6 orc sorcerers (Orc)
  4 ugly things
  4 centaur zombies
  3 fauns
  A moth of wrath (Spider:2)
  4 black mambas
  An elephant (Lair:6)
  A water nymph (Shoals:2)
  4 merfolk sirens
  A guardian serpent (shapeshifter) (D:12)
  9 cane toads
  A gargoyle (D:12)
  4 rime drakes
  4 torpor snails
  A centaur skeleton (D:11)
  An eye of draining (shapeshifter) (D:12)
  6 komodo dragons
  10 demonic crawlers
  An eye of draining (D:10)
  3 meliai (D:11)
  12 merfolk
  6 trolls
  7 hornets
  16 jumping spiders
  A wind drake (Lair:6)
  4 polar bears
  15 blink frogs
  13 hippogriffs
  3 snapping turtles
  9 slime creatures (D:12)
  A meliai zombie (D:7)
  A dream sheep (Lair:6)
  27 redbacks
  A vampire (D:9)
  A water elemental (Shoals:3)
  15 tarantellas
  4 wraiths
  A shadow (D:12)
  Eustachio (D:4)
  37 yaks
  5 wyverns
  A yak (shapeshifter) (D:12)
  3 basilisks
  3 hungry ghosts
  2 chaos spawn (Gauntlet)
  A steam dragon (D:10)
  Edmund (D:4)
  12 crocodiles
  An acid dragon (shapeshifter) (D:12)
  An acid dragon (D:11)
  11 water moccasins
  4 porcupines
  A swamp drake (D:8)
  An ice beast (D:10)
  A sky beast (D:10)
  41 orc warriors
  A phantom (D:4)
  A black bear (D:6)
  3 necrophages (D:9)
  A hornet zombie (D:9)
  11 ogres
  5 wolves
  2 centaurs
  6 big kobolds
  6 bullfrogs
  A gnoll sergeant (Orc)
  A wyvern skeleton (D:8)
  8 scorpions
  3 killer bees (Gauntlet)
  9 wights
  4 jellies
  19 orc priests
  4 electric eels
  A howler monkey (D:4)
  5 crimson imps
  A bullfrog zombie (D:9)
  4 hounds
  3 iguanas
  29 orc wizards
  6 worker ants
  9 gnolls
  A river rat (Sewer)
  8 adders
  2 shadow imps
  3 oozes
  An adder zombie (D:6)
  A worm (D:2)
  A worm (shapeshifter) (D:12)
  3 dart slugs
  6 leopard geckos
  87 orcs
  7 giant cockroaches
  15 goblins
  8 hobgoblins
  4 jackals
  40 kobolds
  A kobold (shapeshifter) (D:12)
  4 quokkas
  5 bats
  4 frilled lizards
  A jackal zombie (D:4)
  4 rats
  4 fungi
  6 plants
  A withered plant (D:9)
792 creatures vanquished.

Vanquished Creatures (collateral kills)
  2 emperor scorpions (Spider:3)
  A merfolk javelineer (Shoals:2)
  A merfolk impaler (Shoals:1)
  Snorg (Lair:6)
  Fannar (D:12)
  4 hydras
  A merfolk avatar (Lair:6)
  A merfolk aquamancer (Shoals:3)
  A two-headed ogre (D:12)
  A sea snake (Lair:6)
  A glowing orange brain (D:12)
  A cyclops (Shoals:3)
  4 harpies
  6 wolf spiders
  4 orb spiders
  An orc knight (Bailey)
  2 fauns
  2 merfolk sirens (Shoals:1)
  3 manticores
  An elephant (Lair:6)
  A water nymph (Shoals:2)
  6 cane toads
  2 demonic crawlers (Spider:3)
  2 rime drakes (Lair:6)
  4 komodo dragons (Lair:6)
  14 merfolk
  6 jumping spiders
  A hornet (Spider:3)
  A blink frog (Lair:6)
  9 dream sheep
  A hippogriff (Lair:6)
  5 redbacks
  A snapping turtle (Shoals:2)
  9 tarantellas
  A wyvern (Lair:6)
  2 water elementals
  2 wraiths (Lair:6)
  3 yaks (Lair:5)
  2 water moccasins (Lair:6)
  2 crocodiles (Lair:6)
  5 orc warriors
  An ogre (Orc)
  A wolf (Lair:6)
  2 jellies
  An orc priest (D:8)
  3 orc wizards
  2 oozes (Lair:6)
  5 orcs
  7 fungi
  25 plants
165 creatures vanquished.

Vanquished Creatures (others)
  An orb spider (Spider:3)
  An orc warrior (Orc)
  2 bushes (Lair:6)
  2 butterflies (Lair:6)
  10 fungi
  67 plants
83 creatures vanquished.

Grand Total: 1040 creatures vanquished

Notes
Turn   | Place    | Note
-------+----------+-------------------------------------------
     0 | D:1      | Artagas the Human Monk began the quest for the Orb.
     0 | D:1      | Reached XP level 1. HP: 18/18 MP: 2/2
   516 | D:1      | Reached XP level 2. HP: 22/24 MP: 3/3
   535 | D:1      | Reached skill level 4 in Maces & Flails
  1077 | D:1      | Reached XP level 3. HP: 27/29 MP: 4/4
  1519 | D:2      | Reached skill level 5 in Maces & Flails
  1519 | D:2      | Reached XP level 4. HP: 26/35 MP: 3/5
  2169 | D:3      | Reached skill level 4 in Fighting
  2169 | D:3      | Reached XP level 5. HP: 37/42 MP: 4/6
  2170 | D:3      | Reached skill level 1 in Shields
  2249 | D:3      | Found a glowing drain.
  2255 | Sewer    | Entered a sewer
  2322 | Sewer    | Noticed a big kobold
  2368 | Sewer    | Killed a big kobold
  2369 | Sewer    | Reached skill level 3 in Shields
  2369 | Sewer    | Reached XP level 6. HP: 38/48 MP: 7/7
  2480 | Sewer    | Found a white marble altar of Elyvilon.
  3163 | D:3      | Reached skill level 6 in Maces & Flails
  3398 | D:3      | Found an ancient bone altar of Kikubaaqudgha.
  3411 | D:3      | Found a radiant altar of Vehumet.
  3428 | D:3      | Became a worshipper of Kikubaaqudgha
  3428 | D:3      | Reached * piety under Kikubaaqudgha
  3428 | D:3      | Identified Kikubaaqudgha's Almanac of Unholy Magic
                  | (Kikubaaqudgha gifted it to you on level 3 of the Dungeon)
  3428 | D:3      | Received a gift from Kikubaaqudgha
  3428 | D:3      | Reached ** piety under Kikubaaqudgha
  3571 | D:4      | Reached skill level 1 in Armour
  3571 | D:4      | Reached XP level 7. HP: 51/54 MP: 6/8
  3847 | D:4      | Reached skill level 2 in Armour
  4121 | D:4      | Reached skill level 7 in Maces & Flails
  4121 | D:4      | Reached skill level 3 in Armour
  4208 | D:4      | Reached skill level 1 in Necromancy
  4330 | D:4      | Reached skill level 1 in Spellcasting
  4411 | D:4      | Reached skill level 2 in Necromancy
  4411 | D:4      | Reached XP level 8. HP: 41/60 MP: 8/10
  4644 | D:4      | Learned a level 1 spell: Animate Skeleton
  4692 | D:4      | Noticed Edmund
  4705 | D:4      | HP: 1/60 [disintegration (14)]
  4706 | D:4      | Killed Edmund
  4707 | D:4      | Reached skill level 2 in Spellcasting
  4707 | D:4      | Reached skill level 3 in Necromancy
  4851 | D:4      | Learned a level 2 spell: Corpse Rot
  4991 | D:4      | Noticed Eustachio
  5057 | D:4      | Reached skill level 4 in Necromancy
  5159 | D:4      | Killed Eustachio
  5160 | D:4      | Reached skill level 5 in Necromancy
  5408 | D:5      | Entered Level 5 of the Dungeon
  5527 | D:5      | Reached skill level 5 in Fighting
  5531 | D:5      | Learned a level 3 spell: Regeneration
  5770 | D:5      | Reached XP level 9. HP: 68/68 MP: 12/12
  5818 | D:5      | Found a runed door.
  5870 | D:5      | Found Ocyfuergh's Weapon Emporium.
  6134 | D:5      | Reached skill level 6 in Fighting
  6138 | D:5      | Reached skill level 8 in Maces & Flails
  6177 | D:5      | Found a staircase to the Ecumenical Temple.
  6593 | D:6      | Reached skill level 4 in Armour
  6593 | D:6      | Reached skill level 4 in Shields
  7129 | D:6      | Identified the Handbook of Lethal Transmigration
  7585 | D:7      | Noticed a troll
  7618 | D:7      | Killed a troll
  7619 | D:7      | Reached skill level 5 in Armour
  7619 | D:7      | Reached skill level 5 in Shields
  8113 | D:7      | Found Xonuwnen's Distillery.
  8120 | D:7      | Bought a potion of flight for 52 gold pieces
  8120 | D:7      | Bought a potion of haste for 130 gold pieces
  8120 | D:7      | Bought a potion of curing for 32 gold pieces
  8120 | D:7      | Bought a potion of berserk rage for 39 gold pieces
  8120 | D:7      | Bought a potion of lignification for 39 gold pieces
  8130 | D:7      | Noticed a two-headed ogre
  8170 | D:7      | Killed a two-headed ogre
  8171 | D:7      | Reached skill level 6 in Armour
  8171 | D:7      | Reached skill level 7 in Fighting
  8171 | D:7      | Reached skill level 1 in Charms
  8171 | D:7      | Reached XP level 10. HP: 60/79 MP: 5/13
  8475 | D:7      | Reached skill level 2 in Charms
  9055 | D:8      | Reached skill level 3 in Spellcasting
  9102 | D:8      | Reached skill level 6 in Necromancy
  9156 | D:7      | Reached skill level 3 in Charms
  9578 | D:8      | Reached skill level 4 in Charms
  9578 | D:8      | Reached skill level 1 in Evocations
  9654 | D:8      | Reached skill level 2 in Evocations
  9678 | D:8      | Reached skill level 3 in Evocations
  9773 | D:8      | Reached skill level 4 in Evocations
  9833 | D:8      | Found a staircase to the Lair.
 10265 | D:8      | Reached skill level 8 in Fighting
 10322 | D:8      | Identified the ring of Wiuker {+Fly rPois}
 10667 | D:8      | Noticed a catoblepas
 10704 | D:8      | Found a staircase to the Orcish Mines.
 10775 | D:8      | Reached skill level 4 in Dodging
 10874 | D:8      | HP: 11/80 [catoblepas (25)]
 10877 | D:8      | Killed a catoblepas
 10878 | D:8      | Reached skill level 9 in Fighting
 10878 | D:8      | Reached XP level 11. HP: 35/89 MP: 2/15
 11302 | Lair:1   | Entered Level 1 of the Lair of Beasts
 11307 | Lair:1   | Found a gate leading to a gauntlet.
 11317 | Gauntlet | Entered a Gauntlet
 11317 | Gauntlet | Found a transporter.
 11317 | Gauntlet | Found a transporter.
 11346 | Gauntlet | Found a transporter.
 11352 | Gauntlet | Found a transporter.
 11364 | Gauntlet | Found a transporter.
 11383 | Gauntlet | Found a transporter.
 11399 | Gauntlet | Found a transporter.
 11400 | Gauntlet | Found a transporter.
 11417 | Gauntlet | Found a transporter.
 11436 | Gauntlet | Found a transporter.
 11534 | Gauntlet | HP: 13/89 [poisoned by a killer bee]
 11697 | Gauntlet | Reached skill level 7 in Necromancy
 11830 | Gauntlet | Identified the +11 war axe "Urukoi" {venom, +Blink rPois
                  | Dex+3}
 11830 | Gauntlet | Noticed a minotaur
 11831 | Gauntlet | Found the +0 pair of hand wraps "Fists of Thunder" {elec,
                  | rElec Slay+2}
 11831 | Gauntlet | Found the +0 mask of the Dragon {MR+ Slay+3 SInv}
 11867 | Gauntlet | Killed a minotaur
 11868 | Gauntlet | Reached skill level 7 in Armour
 11912 | Gauntlet | Got a shimmering quarterstaff
 11912 | Gauntlet | Got an ancient quarterstaff
 12129 | Lair:1   | Identified the +10 quarterstaff of Karma {drain, rN+} (You
                  | found it in a Gauntlet)
 12131 | Lair:1   | Identified the cursed +1 quarterstaff "Sarcophage"
                  | {antimagic, *Contam rPois MR+} (You found it in a Gauntlet)
 12190 | Lair:1   | Reached skill level 1 in Axes
 12210 | Lair:1   | Reached skill level 10 in Fighting
 12210 | Lair:1   | Reached skill level 2 in Axes
 12481 | Lair:1   | Reached skill level 3 in Axes
 13178 | Lair:2   | Reached skill level 4 in Axes
 13272 | Lair:2   | Reached skill level 5 in Axes
 13430 | Lair:2   | Reached skill level 6 in Axes
 14006 | Lair:2   | Got a wavering lead ring
 14025 | Lair:2   | Reached skill level 7 in Axes
 14059 | Lair:2   | Reached XP level 12. HP: 86/97 MP: 12/16
 14154 | Lair:2   | Reached skill level 8 in Axes
 14243 | Lair:2   | Noticed Gastronok
 14255 | Lair:2   | Killed Gastronok
 14256 | Lair:2   | Reached skill level 10 in Axes
 14276 | Lair:2   | Noticed a five-headed hydra
 14293 | Lair:2   | Killed a five-headed hydra
 14294 | Lair:2   | Reached skill level 11 in Axes
 14854 | Lair:3   | Found a staircase to the Shoals.
 15005 | Lair:3   | Noticed a five-headed hydra
 15010 | Lair:3   | Killed a five-headed hydra
 15011 | Lair:3   | Reached skill level 12 in Axes
 15125 | Lair:3   | Identified the ring "Tyjim" {Fire rElec MP+9 Int-3} (You
                  | found it on level 2 of the Lair of Beasts)
 15211 | Lair:3   | Noticed a catoblepas
 15243 | Lair:3   | Reached XP level 13. HP: 96/103 MP: 15/17
 15260 | Lair:3   | Killed a catoblepas
 15261 | Lair:3   | Reached skill level 13 in Axes
 15466 | Lair:3   | Noticed a six-headed hydra
 15495 | Lair:3   | Killed a six-headed hydra
 17015 | Lair:4   | Reached skill level 5 in Dodging
 17034 | Lair:4   | Noticed a five-headed hydra
 17045 | Lair:4   | Killed a five-headed hydra
 17416 | Lair:4   | Found a hole to the Spider Nest.
 17701 | Lair:4   | Reached skill level 6 in Dodging
 17987 | Lair:5   | Reached skill level 14 in Axes
 17988 | Lair:5   | Reached skill level 11 in Fighting
 18593 | Lair:5   | Reached *** piety under Kikubaaqudgha
 18593 | Lair:5   | Identified Kikubaaqudgha's Disquisition on Darkness
                  | (Kikubaaqudgha gifted it to you on level 5 of the Lair of
                  | Beasts)
 18593 | Lair:5   | Received a gift from Kikubaaqudgha
 18600 | Lair:5   | Learned a level 4 spell: Animate Dead
 18605 | Lair:5   | Learned a level 4 spell: Agony
 18926 | Lair:5   | Got a fading war axe
 19156 | Lair:6   | Entered Level 6 of the Lair of Beasts
 19156 | Lair:6   | Found a viscous altar of Jiyva.
 19156 | Lair:6   | Noticed a seven-headed hydra
 19180 | Lair:5   | Killed a seven-headed hydra
 19298 | Lair:5   | Identified the +4 war axe of the Penguin {pain, +Fly} (You
                  | found it on level 5 of the Lair of Beasts)
 19310 | Lair:6   | Noticed Josephine
 19323 | Lair:6   | Reached XP level 14. HP: 86/113 MP: 9/18
 19324 | Lair:6   | Noticed Snorg
 19334 | Lair:6   | Killed Snorg
 19453 | Lair:6   | Reached skill level 8 in Necromancy
 19471 | Lair:6   | Reached skill level 12 in Fighting
 19527 | Lair:6   | Reached skill level 15 in Axes
 19787 | Lair:6   | Reached skill level 9 in Necromancy
 19811 | Lair:6   | Found a viscous altar of Jiyva.
 19816 | Lair:6   | Found a staircase to the Slime Pits.
 19829 | Lair:6   | Reached **** piety under Kikubaaqudgha
 19856 | Lair:6   | Killed Josephine
 19865 | Lair:6   | Reached skill level 7 in Dodging
 19884 | Lair:6   | Reached skill level 8 in Armour
 20004 | Lair:6   | Reached skill level 9 in Armour
 20083 | Lair:6   | Got a transparent golden ring
 20085 | Lair:6   | Identified the cursed ring "Paev" {Ice rElec} (You found it
                  | on level 6 of the Lair of Beasts)
 20448 | Lair:6   | Got a crude turquoise ring
 20787 | D:9      | Reached skill level 5 in Evocations
 20790 | D:9      | Found a flagged portal.
 20800 | Bailey   | Entered a bailey
 20865 | Bailey   | Got the ring "Maus" {+Fly}
 21016 | Bailey   | Reached skill level 6 in Evocations
 21321 | D:9      | Identified the ring "Zesag" {*Slow rF+ Int+2 Stlth--} (You
                  | found it on level 6 of the Lair of Beasts)
 21587 | D:9      | Found a runed translucent door.
 21660 | D:9      | Reached XP level 15. HP: 120/120 MP: 19/19
 21963 | D:9      | Reached ***** piety under Kikubaaqudgha
 22156 | D:9      | Noticed Wired's ghost (novice TrMo)
 22158 | D:9      | Identified the cursed +0 spear of Extremism {pierce, rN++
                  | Str+4 Int-4}
 22545 | D:10     | Entered Level 10 of the Dungeon
 23321 | D:10     | Found Wosuig's Assorted Antiques.
 23334 | D:10     | Bought a scroll labeled KUJETTAOLA for 33 gold pieces
 23334 | D:10     | Bought a scroll of teleportation for 99 gold pieces
 23334 | D:10     | Bought a pair of runed boots for 247 gold pieces
 23334 | D:10     | Bought a twisted bone ring for 165 gold pieces
 23687 | D:10     | Found Ephi's Antique Armour Shoppe.
 23880 | D:11     | Reached skill level 8 in Dodging
 23982 | D:11     | Reached skill level 10 in Armour
 24266 | D:11     | Reached skill level 13 in Fighting
 24749 | D:12     | Entered Level 12 of the Dungeon
 24999 | D:12     | Noticed Fannar
 25007 | D:12     | Killed Fannar
 25008 | D:12     | Reached skill level 14 in Fighting
 25241 | D:12     | Reached skill level 4 in Spellcasting
 25266 | D:12     | Reached skill level 5 in Spellcasting
 25525 | D:12     | Found a gate to the Vaults.
 25603 | D:12     | Noticed Urug
 25609 | D:12     | Killed Urug
 25860 | D:12     | Reached XP level 16. HP: 71/133 MP: 11/23
 25980 | D:12     | Found a staircase to the Depths.
 26230 | Orc      | Entered the Orcish Mines
 26325 | Orc      | Found a roughly hewn altar of Beogh.
 26325 | Orc      | Found Ottu Osu's Distillery.
 26348 | Orc      | Bought a potion of heal wounds for 80 gold pieces
 26348 | Orc      | Bought a potion of curing for 40 gold pieces
 26348 | Orc      | Bought a potion of curing for 40 gold pieces
 26348 | Orc      | Bought a potion of cancellation for 80 gold pieces
 26463 | Orc      | Reached ****** piety under Kikubaaqudgha
 26481 | Orc      | Reached skill level 9 in Dodging
 26958 | Orc      | Reached skill level 11 in Armour
 27054 | Orc      | Found Cahing's Antique Weapon Boutique.
 27055 | Orc      | Found a roughly hewn altar of Beogh.
 27058 | Orc      | Found Ycoaquf's Antique Armour Shop.
 27070 | Orc      | Bought a pair of glowing boots for 195 gold pieces
 27083 | Orc      | Bought a pair of runed boots for 195 gold pieces
 27093 | Orc      | Identified a +2 pair of boots of running (You bought it in
                  | a shop in the Orcish Mines)
 27094 | Orc      | Bought a glowing scale mail for 182 gold pieces
 27504 | Orc      | Found a roughly hewn altar of Beogh.
 27561 | Orc      | Found a staircase to the Elven Halls.
 27660 | Orc      | Reached skill level 10 in Necromancy
 27670 | Orc      | Found a roughly hewn altar of Beogh.
 27695 | Orc      | Found Cesmok's Jewellery Emporium.
 28062 | Orc      | Found a roughly hewn altar of Beogh.
 28280 | Spider:1 | Entered Level 1 of the Spider Nest
 28333 | Spider:1 | Found a runed translucent gate.
 28335 | Spider:1 | Found a runed translucent gate.
 28335 | Spider:1 | Found a runed translucent gate.
 28337 | Spider:1 | Noticed Sarzy's ghost (journeyman DrTm)
 28366 | Spider:1 | Reached skill level 10 in Dodging
 29073 | Spider:2 | Reached skill level 11 in Necromancy
 29170 | Spider:2 | Noticed Aizul
 29178 | Spider:2 | Killed Aizul
 30177 | Spider:2 | Reached skill level 11 in Dodging
 30286 | Spider:2 | Reached skill level 12 in Necromancy
 30943 | Spider:3 | Entered Level 3 of the Spider Nest
 31228 | Spider:2 | Reached XP level 17. HP: 111/139 MP: 0/25
 31527 | Spider:2 | Reached skill level 6 in Spellcasting
 32272 | Spider:3 | Noticed Arachne
 32597 | Spider:3 | Killed Arachne
 32598 | Spider:3 | Reached skill level 15 in Fighting
 33417 | Spider:3 | HP: 21/142 [poisoned by an emperor scorpion]
 33422 | Spider:3 | HP: 17/142 [poisoned by an emperor scorpion]
 33427 | Spider:3 | HP: 17/142 [poisoned by an emperor scorpion]
 33433 | Spider:3 | HP: 21/142 [poisoned by an emperor scorpion]
 33755 | Spider:3 | Reached skill level 12 in Dodging
 33764 | Spider:3 | Reached skill level 13 in Necromancy
 34250 | Spider:3 | Reached skill level 14 in Necromancy
 34324 | Spider:3 | Got a gossamer rune of Zot
 34566 | Spider:3 | Reached XP level 18. HP: 139/149 MP: 21/27
 34936 | Shoals:1 | Entered Level 1 of the Shoals
 35025 | Shoals:1 | Reached skill level 7 in Spellcasting
 35380 | Shoals:1 | Reached skill level 8 in Spellcasting
 35387 | Shoals:1 | Learned a level 6 spell: Borgnjor's Vile Clutch
 35394 | Shoals:1 | Learned a level 6 spell: Death Channel
 35400 | Shoals:1 | Learned a level 5 spell: Bolt of Draining
 35734 | Shoals:1 | Reached skill level 1 in Earth Magic
 36098 | Shoals:2 | Reached skill level 2 in Earth Magic
 36098 | Shoals:2 | Found a runed translucent gate.
 36098 | Shoals:2 | Found a runed translucent gate.
 36098 | Shoals:2 | Found a runed translucent gate.
 36098 | Shoals:2 | Noticed Lazarus1551's ghost (journeyman DrWn)
 36392 | Shoals:2 | Reached skill level 3 in Earth Magic
 36394 | Shoals:2 | Found Liewker's Jewellery Boutique.
 36414 | Shoals:2 | Bought the ring "Umysmapu" {Wiz rElec Str+7} for 723 gold
                  | pieces
 36575 | Shoals:2 | Reached skill level 5 in Charms
 37226 | Shoals:3 | Entered Level 3 of the Shoals
 37268 | Shoals:3 | Reached skill level 4 in Earth Magic
 37304 | Shoals:3 | Noticed Donald
 37359 | Shoals:3 | HP: 17/149 [Donald/+0 eveningstar of holy wrath (34)]
 37366 | Shoals:3 | HP: 6/149 [merfolk javelineer/javelin (19)]
 37378 | Shoals:3 | HP: 13/149 [merfolk javelineer/javelin (5)]
 37388 | Shoals:3 | Hit by a javelin thrown by a merfolk javelineer

Skill      XL: |  1  2  3  4  5  6  7  8  9 10 11 12 13 14 15 16 17 18 |
---------------+-------------------------------------------------------+-----
Maces & Flails | 4 5 6 7 8 |  8.0
Fighting       | 4 5 7 9 10 11 12 14 15 | 15.0
Shields        | 3 5 |  5.0
Armour         | 1 3 6 7 9 10 11 | 11.0
Necromancy     | 2 5 6 7 9 12 14 | 14.5
Spellcasting   | 1 2 3 5 6 8 |  8.0
Charms         | 1 4 5 |  5.7
Evocations     | 4 6 |  6.0
Dodging        | 4 6 7 8 11 12 | 12.0
Axes           | 7 12 14 15 | 15.3
Earth Magic    | 4 |  4.3
Stealth        | |  2.4
Invocations    | |  2.4

Action                   |  1- 3 |  4- 6 |  7- 9 | 10-12 | 13-15 | 16-18 || total
-------------------------+-------+-------+-------+-------+-------+-------++-------
Melee: Mace              |    56 |   204 |    32 |       |       |       ||   292
       Flail             |       |       |   209 |   201 |    21 |       ||   431
       War axe           |       |       |       |   121 |   611 |   760 ||  1492
Throw: Stone             |    19 |     1 |       |       |       |       ||    20
       Tomahawk          |       |    17 |    51 |    39 |    52 |       ||   159
       Javelin           |       |       |       |       |    19 |    50 ||    69
 Cast: Animate Skeleton  |       |       |    10 |    38 |    17 |       ||    65
       Corpse Rot        |       |       |     4 |    16 |    10 |    20 ||    50
       Regeneration      |       |       |       |     1 |     9 |    13 ||    23
       Animate Dead      |       |       |       |       |    33 |    72 ||   105
       Agony             |       |       |       |       |       |     1 ||     1
       Bolt of Draining  |       |       |       |       |       |     9 ||     9
       Borgnjor's Vile C |       |       |       |       |       |     3 ||     3
       Death Channel     |       |       |       |       |       |     1 ||     1
Invok: Receive Corpses   |       |       |     9 |    18 |     7 |    31 ||    65
 Abil: Evoke Flight      |       |       |       |       |     2 |       ||     2
       Evoke Blink       |       |       |       |       |     4 |     2 ||     6
Evoke: Wand              |       |       |     4 |    20 |     2 |     5 ||    31
       Lamp of fire      |       |       |       |       |     1 |     2 ||     3
       Phial of floods   |       |       |       |       |       |     1 ||     1
       Sack of spiders   |       |       |       |       |       |     1 ||     1
  Use: Scroll            |     2 |     3 |     3 |    17 |    10 |    10 ||    45
       Potion            |       |       |     3 |     5 |     1 |    14 ||    23
 Stab: Sleeping          |     1 |       |     1 |       |       |       ||     2
       Distracted        |       |       |       |     1 |     6 |     6 ||    13
  Eat: Chunk             |     1 |     9 |    22 |    35 |    29 |    46 ||   142
       Ration            |     1 |     1 |     1 |     3 |    11 |     9 ||    26
Armor: Robe              |     5 |       |       |       |       |       ||     5
       Ring mail         |       |    58 |    41 |    71 |       |       ||   170
       Chain mail        |       |     9 |    57 |       |       |       ||    66
       Scale mail        |       |       |       |    43 |   147 |   356 ||   546
Dodge: Dodged            |    32 |   114 |   132 |   215 |   297 |   652 ||  1442
Block: Buckler           |     7 |    56 |    89 |   159 |   164 |   295 ||   770

Levels and vault maps discovered:
D:1:      scummos_arrival_simple_crosswalls, layout_basic
D:2:      layout_basic
D:3:      minmay_door_path, layout_loops_ring, amethyst_overflow_temple_binary,
          first_ration, gup_sewer_entry_pipe
D:4:      layout_gridville, serial_co_window_serial, co_window_paths_a,
          co_window_paths_a, co_window_cross_1, co_window_of_opportunity_a,
          co_window_paths_a, co_window_corner_a, co_window_corner_a,
          co_window_corner_cb, co_window_unsneaky_path_e, co_window_corner_ca,
          co_window_unsneaky_path_a, co_window_paths_c, co_window_corner_b,
          co_window_of_opportunity_b, glass_columns_c, glass_columns_a,
          glass_columns_a, glass_columns_a, glass_columns_a,
          minmay_goblin_outpost, uniq_eustachio, uniq_edmund
D:5:      layout_basic, temple_hall, serial_shops, kennysheep_mini_moat,
          uniq_crazy_yiuf_cottage
D:6:      layout_basic, minivault_26, minivault_25
D:7:      layout_loops_corners, serial_shops, shop
D:8:      layout_gridville, grunt_lair_entry_orc_guard_hut, erik_orc_1
D:9:      layout_cave_pods, serial_undead, serial_undead_f, serial_undead_f,
          serial_undead_c, serial_undead_f, enter_bailey_2,
          ebering_ghost_funeral_grove, hangedman_fish_farm, grunt_ministairs_3,
          kennysheep_just_a_vault
D:10:     layout_loops_ring, serial_shops, nicolae_shop_crystal,
          nicolae_shop_competitors_out_of_business
D:11:     layout_rooms, minmay_starry_boxes
D:12:     gammafunk_enter_depths_forms, layout_cave_pools, david_vaults_2,
          hangedman_decor_points, st_stairs_2, uniq_fannar, uniq_urug
Lair:1:   statuecave_lemuel, layout_small_grid, gauntlet_entry_generic,
          lemuel_fruit_tree
Lair:2:   layout_cave_pods, grunt_megastairs_5, infiniplex_staircase_pool_2,
          uniq_gastronok
Lair:3:   layout_layer_cave, elwin_shoals_entry_stream
Lair:4:   layout_regular_city, spider_nest_entry_rubble,
          infiniplex_staircase_pool, grunt_megastairs_2
Lair:5:   layout_cave_pods
Lair:6:   gammafunk_lair_ancient_temple, layout_misc_corridors,
          nicolae_slime_entry_slimehenge, lemuel_fruit_fields, uniq_snorg,
          uniq_josephine
Shoals:1: layout_shoals, nicolae_shoals_wave_tunnel
Shoals:2: layout_shoals, serial_shops, shop_fountains,
          gammafunk_ghost_necromancy
Shoals:3: shoals_end_grunt_garden, layout_shoals, uniq_polyphemus, uniq_donald
Spider:1: layout_spider_delve, gammafunk_ghost_necromancy
Spider:2: layout_spider_delve, uniq_aizul
Spider:3: guppyfry_spider_rune, nicolae_arachne_temple,
          hangedman_spider_tarantella_strand
Orc:      grunt_orc_community_town_hall, layout_caves,
          grunt_orc_community_big_house_2, grunt_orc_community_big_house_1,
          grunt_orc_community_house_1, grunt_orc_community_house_2,
          grunt_orc_community_house_3, grunt_orc_community_house_3,
          grunt_orc_community_house_2, sword_in_stone

Table legend:
 A = Turns spent in this place as a percentage of turns spent in the entire game.
 B = Non-inter-level travel turns spent in this place as a percentage of non-inter-level travel turns spent in the entire game.
 C = Inter-level travel turns spent in this place as a percentage of turns spent in this place.
 D = Turns resting spent in this place as a percentage of non-inter-level travel turns spent in this place.
 E = Turns spent auto-exploring this place as a percentage of non-inter-level travel turns spent in this place.
 F = Non-inter-level travel turns spent in this place divided by the number of levels of this place that you've seen.
                   A       B       C       D       E      F
               +-------+-------+-------+-------+-------+----------------------
         Total | 100.0 | 100.0 |   5.7 |  18.3 |  56.9 | 1258.7
       Dungeon |  42.5 |  42.5 |   5.8 |  12.9 |  64.3 | 1247.2
          Lair |  24.0 |  23.5 |   7.7 |  18.3 |  61.4 | 1380.5
        Shoals |   6.6 |   6.9 |   1.3 |  11.7 |  56.7 | 806.7
   Spider Nest |  17.6 |  17.4 |   6.8 |  34.8 |  40.9 | 2042.0
  Orcish Mines |   5.1 |   5.2 |   2.4 |  10.1 |  52.6 | 1847.0
         Sewer |   0.9 |   1.0 |   0.0 |  12.8 |  23.3 | 335.0
        Bailey |   1.4 |   1.5 |   0.0 |   5.4 |  48.5 | 517.0
      Gauntlet |   2.0 |   2.1 |   0.0 |  46.8 |  20.9 | 748.0
               +-------+-------+-------+-------+-------+----------------------

Table legend:
 A = Kills in this place as a percentage of kills in entire the game.
 B = Kills by you in this place as a percentage of kills by you in the entire game.
 C = Kills by friends in this place as a percentage of kills by friends in the entire game.
 D = Other kills in this place as a percentage of other kills in the entire game.
 E = Experience gained in this place as a percentage of experience gained in the entire game.
 F = Experience gained in this place divided by the number of levels of this place that you have seen.
                   A       B       C       D       E      F
               +-------+-------+-------+-------+-------+----------------------
         Total | 100.0 | 100.0 | 100.0 | 100.0 | 100.0 | 8607.1
       Dungeon |  35.9 |  40.8 |   7.5 |   0.0 |  19.0 | 3814.5
          Lair |  19.3 |  17.4 |  30.8 |   0.0 |  24.5 | 9848.8
        Shoals |   7.9 |   4.6 |  27.1 |   0.0 |  14.7 | 11830.3
   Spider Nest |  17.2 |  15.6 |  26.3 |  50.0 |  32.2 | 25843.0
  Orcish Mines |  15.0 |  16.1 |   7.5 |  50.0 |   7.8 | 18841.0
         Sewer |   1.2 |   1.4 |   0.0 |   0.0 |   0.1 | 128.0
        Bailey |   2.8 |   3.2 |   0.8 |   0.0 |   1.0 | 2402.0
      Gauntlet |   0.7 |   0.8 |   0.0 |   0.0 |   0.7 | 1741.0
               +-------+-------+-------+-------+-------+----------------------
